 Dungeon Sprint DCSS version 0.31-a0-18-gea43df2a32 (webtiles) character file.

Game seed: 9269552712035934151

3014 bmack86 the Severer (level 9, -18/105 HPs)
             Began as a Minotaur Berserker on May 10, 2023.
             Was an Elder of Trog.
             Killed from afar by an oklob plant (26 damage)
             ... with a splash of acid
             ... in the Dungeon (Sprint I: "Red Sonja").
             The game lasted 00:08:59 (1072 turns).

bmack86 the Severer (Minotaur Berserker)            Turns: 1072, Time: 00:09:01

Health: -18/105    AC: -1    Str: 25    XL:     9   Next: 55%
Magic:  8/8        EV: 10    Int:  2    God:    Trog [****..]
Gold:   601        SH:  0    Dex: 11    Spells: 8/8 levels left

rFire   . . .        a - +1 hand axe
rCold   . . .        (no shield)
rNeg    . . .        j - +0 scale mail
rPois   .            (helmet restricted)
rElec   .            (no cloak)
rCorr   .            (no gloves)
SInv    .            (no boots)
Will    .....        (no amulet) Stlth
                     (no ring)
HPRegen 0.00/turn    (no ring)
MPRegen 0.11/turn

%: no teleportation
@: corroded, on berserk cooldown, inhibited regen, hasted and slowed
A: horns 2, retaliatory headbutt, dopey 1, inhibited regeneration
a: Renounce Religion, Berserk, Trog's Hand, Brothers in Arms


You were in the Dungeon.
You worshipped Trog.
Trog was greatly pleased with you.
You visited 1 branch You collected 953 gold pieces.
You spent 352 gold pieces at shops.

Inventory:

Hand Weapons
 a - a +1 hand axe (weapon)
 k - a +0 dagger
Missiles
 m - 3 curare-tipped darts
Armour
 b - a +0 animal skin
 j - a +0 scale mail (worn)
Jewellery
 d - a +6 ring of intelligence
Wands
 i - a wand of iceblast (5) (quivered)
Scrolls
 h - 2 scrolls of blinking
 l - a scroll of identify
 n - a scroll of immolation
 p - a scroll of fear
Potions
 c - 6 potions of curing
 f - 2 potions of magic
 g - a potion of berserk rage
 q - 2 potions of attraction


   Skills:
 + Level 18.6 Fighting
 + Level 18.6 Axes
 - Level 2.4 Armour
 - Level 2.1 Dodging


You had 8 spell levels left.
You didn't know any spells.
Your spell library was empty.

Dungeon Overview and Level Annotations

Branches:
Dungeon (1/1)

Altars:
Cheibriados
Dithmenos
Elyvilon
Fedhas
Gozag
Hepliaklqana
Kikubaaqudgha
Makhleb
Nemelex Xobeh
Okawaru
Qazlal
Ru
Sif Muna
Trog
Uskayaw
Vehumet
Wu Jian
Xom
Yredelemnul
Zin
The Shining One
Jiyva
Lugonu

Shops:
D ?![

Annotations:
D exclusion: oklob plant


Innate Abilities, Weirdness & Mutations

You have a pair of horns on your head.
You reflexively headbutt those who attack you in melee.
You are dopey. (Int -2)
You do not regenerate when monsters are visible.


Message History

The oklob plant is moderately damaged.
You hit the oklob plant but do no damage.
You headbutt the oklob plant, but do no damage.
The oklob plant is moderately damaged.
You hit the oklob plant but do no damage.
The oklob plant is lightly damaged.
You hit the oklob plant.
The oklob plant is moderately damaged.
The oklob plant spits acid at you. The splash of acid misses you.
You hit the oklob plant.
The oklob plant is moderately damaged.
You hit the oklob plant but do no damage.
The oklob plant is moderately damaged.
The oklob plant spits acid at you. The splash of acid hits you!!
* * * LOW HITPOINT WARNING * * *
The acid corrodes you!
You hit the oklob plant but do no damage.
The oklob plant is moderately damaged.
The oklob plant spits acid at you. The splash of acid misses you.
You feel yourself speed up. The oklob plant spits acid at you.
The splash of acid hits you!!
* * * LOW HITPOINT WARNING * * *
You hit the oklob plant but do no damage.
You headbutt the oklob plant.
The oklob plant is moderately damaged.
You hit the oklob plant.
The oklob plant is moderately damaged.
You hit the oklob plant.
The oklob plant is heavily damaged.
You slash the oklob plant!
You headbutt the oklob plant, but do no damage.
You punch the oklob plant, but do no damage.
The oklob plant is severely damaged.
The oklob plant spits acid at you. The splash of acid hits you!!
You die...

###############******************
).#..'..#__#..+,,,*,,*,,,,+,,,,,,
..').#..'..'..#,,,**+*,****,,,,,*
#'#####'#__####,,,+,,*,*,***,,,**
..#...#.####§.####*,,+,*+*,***+*,
###..##.#~~~§§#..#*+****,,,*,*,**
__##'#_.+§~§.§§..#,,,,,*,,,***,,*
...'..._#~§~..#..#,,,,,+,,,,,**,*
__##_.#'##)#####@#**,,,*,,,,,*,,*
__###'#.#))..###P+,*,,,***++**,**
#####.####'###[###,*,,***,,***,,*
...'...'.....'.∩#*,*,,****,,***,,
####...##########*,**+*,,*,,*,***
,*###.###,,,,,,,**,**,*,,,,,,,,,*
,,#.#'#.#,,,,,,,,+,****,,,,,,,,,*
,,#.....#+++******,*,,+,,,,,,****
,,#.[:..#,,,,,,,,*,*****,,,***,,,


You could see an oklob plant.

Vanquished Creatures
  2 centaur warriors (D)
  Sonja (D)
  A deep troll (D)
  A hornet (D)
  A slime creature (D)
  Sigmund (D)
  A yak (D)
  An ogre (D)
  A jelly (D)
  Ijyb (D)
11 creatures vanquished.

Vanquished Creatures (others)
  2 ballistomycete spores (D)
2 creatures vanquished.

Grand Total: 13 creatures vanquished

Notes
Turn   | Place    | Note
-------+----------+-------------------------------------------
     0 | D        | bmack86 the Minotaur Berserker began the quest for the Orb.
     0 | D        | Reached XP level 1. HP: 19/19 MP: 0/0
     2 | D        | Noticed Ijyb
     8 | D        | Killed Ijyb
     9 | D        | Reached XP level 2. HP: 30/30 MP: 1/1
    29 | D        | Noticed an ogre
    32 | D        | Killed an ogre
    33 | D        | Reached XP level 3. HP: 11/41 MP: 2/2
    33 | D        | Reached XP level 4. HP: 13/49 MP: 3/3
   161 | D        | Noticed Sigmund
   168 | D        | Killed Sigmund
   168 | D        | Reached ** piety under Trog
   169 | D        | Reached XP level 5. HP: 61/61 MP: 4/4
   169 | D        | Reached XP level 6. HP: 68/68 MP: 5/5
   183 | D        | Found an ornate altar of the Wu Jian Council.
   183 | D        | Found a shimmering blue altar of Sif Muna.
   185 | D        | Found a radiant altar of Vehumet.
   366 | D        | Found a burning altar of Makhleb.
   366 | D        | Found a viscous altar of Jiyva.
   366 | D        | Found a shimmering altar of Xom.
   366 | D        | Found a corrupted altar of Lugonu.
   366 | D        | Noticed a slime creature
   374 | D        | Killed a slime creature
   421 | D        | Found Liegint's Distillery.
   421 | D        | Found an ancient bone altar of Kikubaaqudgha.
   421 | D        | Found a hazy altar of Hepliaklqana.
   421 | D        | Found a stormy altar of Qazlal.
   421 | D        | Found a hide-covered altar of Uskayaw.
   421 | D        | Found a blossoming altar of Fedhas.
   421 | D        | Found a bloodstained altar of Trog.
   421 | D        | Found an iron altar of Okawaru.
   421 | D        | Found a basalt altar of Yredelemnul.
   421 | D        | Found a glowing golden altar of the Shining One.
   421 | D        | Found a snail-covered altar of Cheibriados.
   421 | D        | Found a sacrificial altar of Ru.
   421 | D        | Found a glowing silver altar of Zin.
   421 | D        | Found a shadowy altar of Dithmenos.
   421 | D        | Found a white marble altar of Elyvilon.
   421 | D        | Noticed a yak
   425 | D        | Killed a yak
   426 | D        | Reached XP level 7. HP: 79/79 MP: 6/6
   426 | D        | Found an opulent altar of Gozag.
   427 | D        | Found a sparkling altar of Nemelex Xobeh.
   431 | D        | Bought a potion of heal wounds for 70 gold pieces
   431 | D        | Bought a potion of invisibility for 112 gold pieces
   466 | D        | Noticed Sonja
   471 | D        | Killed Sonja
   471 | D        | Reached *** piety under Trog
   472 | D        | Reached skill level 15 in Fighting
   472 | D        | Reached skill level 15 in Axes
   472 | D        | Reached XP level 8. HP: 91/91 MP: 7/7
   497 | D        | Found Syaf's Magic Scroll Boutique.
   505 | D        | Bought a scroll of immolation for 44 gold pieces
   505 | D        | Bought a scroll of enchant weapon for 82 gold pieces
   505 | D        | Bought a scroll of fear for 44 gold pieces
   575 | D        | Noticed a deep troll
   582 | D        | Killed a deep troll
   714 | D        | Found Huenim's Armour Emporium.
   738 | D        | Gained mutation: You have hidden genetic defects. [potion
                  | of mutation]
   740 | D        | Noticed a centaur warrior
   759 | D        | Noticed a centaur warrior
   772 | D        | Killed a centaur warrior
   773 | D        | Reached XP level 9. HP: 12/103 MP: 8/8
   774 | D        | Gained mutation: You do not regenerate when monsters are
                  | visible. [hidden defects]
   781 | D        | Killed a centaur warrior
   800 | D        | Gained mutation: You are dopey. (Int -2) [hidden defects]
   800 | D        | Lost mutation: You have hidden genetic defects. [hidden
                  | defects expressed]
  1033 | D        | Paralysed by a hornet for 3 turns
  1040 | D        | Reached **** piety under Trog
  1054 | D        | Noticed an oklob plant
  1072 | D        | Killed from afar by an oklob plant

Illustrated notes

Levels and vault maps discovered:
D:        dungeon_sprint_1 [red_sonja_temple_1, red_sonja_temple_small_1]

Skill      XL: |  1  2  3  4  5  6  7  8  9 |
---------------+----------------------------+-----
Fighting       | 6 8 11 13 15 17 18 | 18.6
Axes           | 6 8 11 13 15 17 18 | 18.6
Armour         | |  2.4
Dodging        | |  2.1

Action                     |  1- 3 |  4- 6 |  7- 9 || total
---------------------------+-------+-------+-------++-------
  Melee: Hand axe          |     7 |    19 |    45 ||    71
         Headbutt          |     4 |     4 |     8 ||    16
         Punch             |     1 |       |     3 ||     4
 Invoke: Berserk           |     1 |     3 |     5 ||     9
    Use: Potion            |       |       |     6 ||     6
         Scroll            |       |       |     3 ||     3
   Stab: Invisible         |       |       |     1 ||     1
 Armour: Scale mail        |       |     1 |     4 ||     5
         Skin              |       |       |    12 ||    12
  Dodge: Dodged            |       |     7 |    15 ||    22

Table legend: (Time is in decaauts)
 A = Elapsed time spent in this place.
 B = Non-inter-level travel time spent in this place.
 C = Inter-level travel time spent in this place.
 D = Time resting spent in this place.
 E = Time spent auto-exploring this place.
 F = Levels seen in this place.
 G = Mean time per level.
                   A        B        C        D        E       F      G
               +--------+--------+--------+--------+--------+-----+--------+
         Total |   1133 |   1133 |      0 |    649 |      0 |   1 | 1133.0 |
       Dungeon |   1133 |   1133 |      0 |    649 |      0 |   1 | 1133.0 |
               +--------+--------+--------+--------+--------+-----+--------+

Top non-repeatable levels by time:
       D: 1133 daAuts
